Cogmind - Beta 14 @@@ ROGUE MODE // 2024.09.19 @ 23:14:24 Player: Duduxx Result: Self-destructed Performance ------------- Evolutions (3) 1500 Regions Visited (8) 1600 Robots Destroyed (51) 255 Value Destroyed (1422) 1422 Prototype IDs (3) 60 Alien Tech Used (0) 0 Bonus (207) 207 TOTAL SCORE: 5044 Bonus ------- Follower Combat Kills 7 Entered Garrisons 200 Cogmind --------- Core Integrity 455/700 Matter 285/300 Energy 68/100 System Corruption 2% Temperature Cool (44) Movement Core (500) Ox9 Location -7/Garrison Parts ------- > --- POWER (2) -------- (None) > --- PROPULSION (3) --- (None) > --- UTILITY (6) ------ Large Storage Unit Transport Network Coupler > --- WEAPON (2) ------- Heavy Particle Cannon Makeshift Spear > --- INVENTORY (15) --- Improved Flight Unit Coolant Injector Medium Storage Unit Weight Redist. System Heavy Particle Cannon Heavy Missile Launcher Datajack Datajack Peak State ------------ > --- POWER ------------ Light Nuclear Core Light Nuclear Core > --- PROPULSION ------- Light Treads Light Treads Improved Titanium Leg > --- UTILITY ---------- Improved Heat Sink Improved Heat Sink Improved Heat Sink Large Storage Unit Transport Network Coupler Hardened Medium Armor Plating > --- WEAPON ----------- Heavy Particle Cannon Heavy Particle Cannon > --- INVENTORY -------- Improved Flight Unit Coolant Injector Medium Storage Unit Weight Redist. System Hardened Medium Armor Plating Heavy Particle Cannon Missile Launcher Heavy Missile Launcher Datajack Datajack Makeshift Spear [Rating: 34] Favorites ----------- Power Heavy Ion Engine Engine Heavy Ion Engine Power Core Light Nuclear Core Propulsion Light Treads Treads Light Treads Leg Carbon-fiber Leg Flight Unit Flight Unit Utility Improved Heat Sink Device Improved Heat Sink Storage Small Storage Unit Processor Transport Network Coupler Protection Core Shielding Weapon Heavy Particle Cannon Energy Gun EM Shotgun Energy Cannon Heavy Particle Cannon Ballistic Gun Light Assault Rifle Ballistic Cannon Flak Cannon Launcher Grenade Launcher Special Weapon Mining Laser Piercing Weapon Makeshift Spear Special Melee Weapon Datajack Build | -11 -10 -9 -9 -9 -8 -8 -7 -7 ------- Run | Yrd Mat Mat Min Exi Min Mat Fac Gar Slots Evolved 6 | . . 2 . . . 2 2 . Power 1 | . . . . . . . 1 . Propulsion 1 | . . . . . . 1 . . Utility 4 | . . 2 . . . 1 1 . Weapon . | . . . . . . . . . Parts Attached 75 | 6 3 11 11 . 2 24 6 12 Power 12 | 1 . 2 1 . . 3 3 2 Engine 9 | 1 . 2 1 . . 3 2 . Core 3 | . . . . . . . 1 2 Reactor . | . . . . . . . . . Propulsion 17 | 2 . 2 2 . 1 7 . 3 Treads 7 | 2 . 1 . . . 4 . . Leg 7 | . . . 1 . 1 2 . 3 Wheel . | . . . . . . . . . Hover . | . . . . . . . . . Flight 3 | . . 1 1 . . 1 . . Utility 23 | 1 1 4 4 . . 8 3 2 Device 11 | . 1 3 3 . . 3 1 . Storage 5 | 1 . . 1 . . 3 . . Processor 1 | . . . . . . 1 . . Hackware . | . . . . . . . . . Protection 6 | . . 1 . . . 1 2 2 Artifact . | . . . . . . . . . Weapon 23 | 2 2 3 4 . 1 6 . 5 Energy Gun 4 | . . 2 1 . . 1 . . Energy Cannon 10 | . 2 1 2 . . 3 . 2 Ballistic Gun 2 | 2 . . . . . . . . Ballistic Cannon 1 | . . . . . . 1 . . Launcher 3 | . . . . . 1 1 . 1 Special Weapon 1 | . . . 1 . . . . . Impact Weapon . | . . . . . . . . . Slashing Weapon . | . . . . . . . . . Piercing Weapon 1 | . . . . . . . . 1 Special Melee Weapon 1 | . . . . . . . . 1 Unidentified Prototypes 3 | . . . 1 . . 2 . . Corrupted Parts 1 | . . 1 . . . . . . System Corruption 4 | . . 4 . . . . . . Parts Lost 37 | . . 9 2 . . 9 . 17 Power 7 | . . 1 . . . 2 . 4 Propulsion 10 | . . 2 . . . 2 . 6 Utility 11 | . . 4 . . . 2 . 5 Weapon 9 | . . 2 2 . . 3 . 2 Highest Loss Streak 14 | . . 8 1 . . 6 . 14 To Critical Strikes . | . . . . . . . . . Average Slot Usage (%) 85 | . 89 81 63 88 91 92 92 93 Engine 8 | . 14 9 8 11 11 8 12 2 Core 1 | . . . . . . . 1 10 Treads 14 | . 28 18 1 . . 16 23 15 Leg 5 | . . . 9 11 13 10 . 4 Device 19 | . 5 19 16 33 33 18 15 22 Storage 8 | . 14 9 7 11 11 9 7 7 Processor 3 | . . . . . . 4 7 7 Protection 4 | . . 4 . . . 8 8 6 Energy Gun 3 | . . 8 6 11 7 2 . . Energy Cannon 11 | . 15 10 11 11 11 8 15 12 Peak Build Rating 34 | 6 9 11 21 21 22 26 31 34 Average Rating 18 | 5 7 8 10 21 21 20 26 31 On Entrance 15 | . 6 9 2 21 21 22 23 31 Naked Turns . | . . . . . . . . . Heaviest Build 103 | 12 20 23 17 17 17 103 65 55 Greatest Support 60 | 40 40 40 15 15 25 60 60 60 Greatest Overweight (x) 10 | 1 . . 1 1 1 7 1 10 Average Overweight (x) . | . . . . 1 . . . . Largest Inventory Capacity 25 | 8 8 8 8 8 8 25 15 15 Average Capacity 10 | 7 8 7 7 8 8 12 15 15 Most Carried 12 | 1 3 5 5 4 7 10 12 12 Average Carried 6 | . 2 4 3 4 4 6 10 11 Final Capacity 15 | 8 8 5 8 8 8 15 15 15 Final Carried 12 | 1 3 5 4 4 7 10 12 8 Class Distribution -------------------- 54% | Scavenger-Mutant 45% | Mutant Dominant Class ---------------- Mutant | -10/Materials Mutant | -9/Materials Mutant | -9/Mines Mutant | -9/Exiles Mutant | -8/Mines Scavenger-Mutant | -8/Materials Scavenger-Mutant | -7/Factory Scavenger-Mutant | -7/Garrison Resources | -11 -10 -9 -9 -9 -8 -8 -7 -7 ----------- Run | Yrd Mat Mat Min Exi Min Mat Fac Gar Matter Collected 1229 | 180 . 143 102 . 80 566 76 82 Remotely 105 | . . 105 . . . . . . Salvage Created 1479 | . 43 171 93 . 157 687 83 245 Parts 100 | . 2 15 14 . 10 41 5 13 Haulers Intercepted 4 | . . 1 . . . 3 . . Recyclers Shooed 1 | . . . . . . 1 . . Parts Field Recycled . | . . . . . . . . . Retrieved Matter . | . . . . . . . . . Parts Self-Destructed . | . . . . . . . . . Prevented . | . . . . . . . . . Kills | -11 -10 -9 -9 -9 -8 -8 -7 -7 ------- Run | Yrd Mat Mat Min Exi Min Mat Fac Gar Combat Hostiles Destroyed 41 | . 1 6 8 . 6 11 2 7 Melee 2 | . . 2 . . . . . . Guns 2 | . . . . . 1 1 . . Cannons 30 | . 1 4 8 . 2 9 2 4 AOE 7 | . . . . . 3 1 . 3 Classes Destroyed 10 | . 1 3 . . . 6 . . Worker 2 | . . . . . . 2 . . Builder 1 | . . . . . . 1 . . Tunneler 1 | . . . . . . 1 . . Hauler 4 | . . 1 . . . 3 . . Recycler 2 | . . . . . . 2 . . Swarmer 17 | . . 3 8 . 3 . . 3 Grunt 18 | . 1 1 . . 3 7 2 4 Duelist 1 | . . . . . . 1 . . Sentry 4 | . . 2 . . . 2 . . Heavy 1 | . . . . . . 1 . . Best Kill Streak 8 | . 1 2 3 . 3 8 2 3 Combat Bots Only 3 | . 1 2 3 . 3 3 2 3 Max Kills in Single Turn 2 | . 1 1 1 . 2 2 1 2 Gunslinging . | . . . . . . . . . Exploded 2 | . . . . . 2 1 . 2 Melee 1 | . . 1 . . . . . . Uniques/NPCs Destroyed . | . . . . . . . . . Combat | -11 -10 -9 -9 -9 -8 -8 -7 -7 -------- Run | Yrd Mat Mat Min Exi Min Mat Fac Gar Hostile Shots Fired 525 | . 8 108 35 . 29 66 15 264 Missed 182 | . 5 31 8 . 11 16 6 105 Damage Taken 4394 | . 28 981 206 . 226 1026 144 1783 Core 678 | . . 107 56 . 55 215 14 231 Absorbed by Shields . | . . . . . . . . . Redirected to Shielding 37 | . . . . . . 37 . . Core Remaining (%) 76 | 100 100 . . . 45 60 . . Volleys Fired 135 | . 1 21 17 . 9 57 11 19 Largest 2 | . 2 2 2 . 2 2 2 2 Hottest 150 | . 112 116 120 . 105 150 150 150 Shots Fired 226 | . 2 40 22 . 18 87 23 34 Gun 33 | . . 15 . . 6 12 . . Cannon 171 | . 2 25 20 . 9 62 23 30 Launcher 20 | . . . . . 3 13 . 4 Special 2 | . . . 2 . . . . . Kinetic 38 | . . . . . . 38 . . Thermal 143 | . . 23 22 . 9 36 23 30 Explosive 20 | . . . . . 3 13 . 4 Electromagnetic 25 | . 2 17 . . 6 . . . Robot Hit Streak 7 | . 1 6 4 . 3 5 3 7 Robot Miss Streak 6 | . . 4 4 . 5 6 4 4 Penetration Max . | . . . . . . . . . Secondary Targets . | . . . . . . . . . Shots Hit Robots 140 | . 1 23 12 . 10 64 10 20 Core Hits 111 | . 1 11 6 . 13 62 5 13 Critical Kills . | . . . . . . . . . Critical Parts Destroyed . | . . . . . . . . . Critical Strikes 1 | . . . . . . 1 . . Burn 1 | . . . . . . 1 . . Melee Attacks 3 | . . . . . . . . 3 Impact . | . . . . . . . . . Slashing . | . . . . . . . . . Piercing . | . . . . . . . . . Sneak Attacks . | . . . . . . . . . Combat Hostiles . | . . . . . . . . . Follow-up Attacks . | . . . . . . . . . Damage Inflicted 3590 | . 25 507 253 . 363 1503 250 689 Guns 272 | . . 149 . . 23 100 . . Cannons 2262 | . 25 283 226 . 88 953 250 437 Explosions 954 | . . . . . 252 450 . 252 Melee . | . . . . . . . . . Ramming 78 | . . 75 3 . . . . . Kinetic 673 | . . . . . . 673 . . Thermal 1656 | . . 251 250 . 88 380 250 437 Explosive 881 | . . . . . 252 377 . 252 Electromagnetic 302 | . 25 181 . . 23 73 . . Impact . | . . . . . . . . . Slashing . | . . . . . . . . . Piercing . | . . . . . . . . . Highest Corruption 5 | . . 5 5 5 5 . 1 2 Average Corruption 3 | . . 3 5 5 5 . 1 1 Corruption Purged . | . . . . . . . . . Corruption Blocked . | . . . . . . . . . Effects 23 | . . 1 14 . 4 . 3 1 Message Errors 9 | . . 1 4 . 3 . 1 . Matter Fused 5 | . . . 4 . . . . 1 Heat Flow Errors 5 | . . . 4 . 1 . . . Energy Discharges 2 | . . . 1 . . . 1 . Data Loss (minor) 1 | . . . 1 . . . . . Misfires 1 | . . . . . . . 1 . Overload Shots . | . . . . . . . . . Overflow Damage 25 | . . 1 24 . . . . . Projectiles 25 | . . 1 24 . . . . . Explosions . | . . . . . . . . . Melee . | . . . . . . . . . Knockbacks 11 | . . . . . . 11 . . Impact . | . . . . . . . . . Kinetic 10 | . . . . . . 10 . . Secondary 1 | . . . . . . 1 . . Self-Inflicted Damage 2 | . . 2 . . . . . . Shots . | . . . . . . . . . Rammed 27 | 1 . 26 . . . . . . Targets Rammed 32 | 1 . 28 3 . . . . . Kicked 3 | . . . 3 . . . . . Crushed 2 | . . 2 . . . . . . Highest Temperature 246 | . 51 171 221 . 93 7 246 44 Average Temperature 70 | . 30 52 85 . 37 5 129 27 Received Heat Transfer 1581 | . 6 429 . . 99 441 81 525 Siege Activations . | . . . . . . . . . Robots Corrupted . | . . . . . . . . . Combat Hostiles . | . . . . . . . . . Parts Fried . | . . . . . . . . . Impact Corruptions . | . . . . . . . . . Robots Melted . | . . . . . . . . . Combat Hostiles . | . . . . . . . . . Parts Melted 4 | . . . 3 . . . . 1 Heat Transferred 3121 | . . 592 531 . 185 814 370 629 Parts Sabotaged . | . . . . . . . . . Parts Stolen . | . . . . . . . . . Parts Stripped . | . . . . . . . . . Power Chain Reactions . | . . . . . . . . . Alert | -11 -10 -9 -9 -9 -8 -8 -7 -7 ------- Run | Yrd Mat Mat Min Exi Min Mat Fac Gar Peak Influence 350 | . 35 256 296 . 172 350 145 192 Initial 145 | . . 14 78 . . 66 145 28 Average 153 | . 6 160 212 . 80 261 113 71 Maximum Alert Level 1 | . . 1 1 . . 1 . . Low Security (%) 68 | 100 100 64 47 . 100 18 100 100 Level 1 31 | . . 35 52 . . 81 . . Level 2 . | . . . . . . . . . Level 3 . | . . . . . . . . . Level 4 . | . . . . . . . . . Level 5 . | . . . . . . . . . High Security . | . . . . . . . . . Max Security . | . . . . . . . . . Squads Dispatched 3 | . . . . . . 2 1 . Investigation 1 | . . . . . . . 1 . Extermination . | . . . . . . . . . Reinforcement 2 | . . . . . . 2 . . Assault . | . . . . . . . . . Garrison . | . . . . . . . . . Intercept . | . . . . . . . . . Searches Triggered . | . . . . . . . . . Construction Impeded 1 | . . . . . . 1 . . Haulers Reinforced . | . . . . . . . . . Active Scanning Responses . | . . . . . . . . . Cargo Convoy Interrupts . | . . . . . . . . . Stealth | -11 -10 -9 -9 -9 -8 -8 -7 -7 --------- Run | Yrd Mat Mat Min Exi Min Mat Fac Gar Distress Signals 3 | . 1 1 . . . 1 . . Communications Jammed . | . . . . . . . . . Distress Signals . | . . . . . . . . . Times Spotted 92 | . 5 32 11 . 6 19 3 16 Peak Tracking Total 10 | . 4 10 4 . 3 8 3 10 Tactical Retreats 9 | . . 7 1 . . 1 . . Traps | -11 -10 -9 -9 -9 -8 -8 -7 -7 ------- Run | Yrd Mat Mat Min Exi Min Mat Fac Gar Traps Triggered 7 | . . 1 . . . . . 6 Indirectly . | . . . . . . . . . Trap Hack Attempts . | . . . . . . . . . Triggered . | . . . . . . . . . Disarmed . | . . . . . . . . . Reprogrammed . | . . . . . . . . . Reused . | . . . . . . . . . Traps Extracted . | . . . . . . . . . Installed . | . . . . . . . . . Triggered . | . . . . . . . . . Machines | -11 -10 -9 -9 -9 -8 -8 -7 -7 ---------- Run | Yrd Mat Mat Min Exi Min Mat Fac Gar Machines Disabled 5 | . . 1 . . . 3 . 1 Max in Single Turn 2 | . . 1 . . . 2 . 1 Machines Repaired . | . . . . . . . . . Machines Dismantled . | . . . . . . . . . Machines Sabotaged . | . . . . . . . . . Overloaded Fab Kills . | . . . . . . . . . Hacking | -11 -10 -9 -9 -9 -8 -8 -7 -7 --------- Run | Yrd Mat Mat Min Exi Min Mat Fac Gar Machines Accessed 5 | . . . . . . 1 3 1 Terminals 1 | . . . . . . . . 1 Fabricators . | . . . . . . . . . Repair Stations 1 | . . . . . . . 1 . Recycling Units . | . . . . . . . . . Scanalyzers 2 | . . . . . . 1 1 . Garrison Access 1 | . . . . . . . 1 . Total Hacks 12 | . . . . . . 2 8 2 Successful 3 | . . . . . . 1 2 . Failed 9 | . . . . . . 1 6 2 Catastrophic 2 | . . . . . . 1 1 . Database Lockouts . | . . . . . . . . . Manual . | . . . . . . . . . Terminals 2 | . . . . . . . . 2 Fabricators . | . . . . . . . . . Repair Stations 2 | . . . . . . . 2 . Recycling Units . | . . . . . . . . . Scanalyzers 6 | . . . . . . 2 4 . Garrison Access 2 | . . . . . . . 2 . Terminal Hacks . | . . . . . . . . . Fabricator Hacks . | . . . . . . . . . Repair Station Hacks . | . . . . . . . . . Recycling Unit Hacks . | . . . . . . . . . Scanalyzer 2 | . . . . . . 1 1 . Insert Component 2 | . . . . . . 1 1 . Garrison Access Hacks 1 | . . . . . . . 1 . Unlock Access 1 | . . . . . . . 1 . Unauthorized Hacks . | . . . . . . . . . Terminals . | . . . . . . . . . Fabricators . | . . . . . . . . . Repair Stations . | . . . . . . . . . Recycling Units . | . . . . . . . . . Scanalyzers . | . . . . . . . . . Garrison Access . | . . . . . . . . . Data Cores Recovered . | . . . . . . . . . Used . | . . . . . . . . . Hacking Detections 5 | . . . . . . 1 3 1 Full Trace Events 1 | . . . . . . . 1 . Feedback Events 1 | . . . . . . . 1 . Corruption 1 | . . . . . . . 1 . Feedback Blocked . | . . . . . . . . . Robot Schematics Acquired . | . . . . . . . . . Robots Built . | . . . . . . . . . Authchips . | . . . . . . . . . Time . | . . . . . . . . . Total Robot Build Rating . | . . . . . . . . . Part Schematics Acquired . | . . . . . . . . . Parts Built . | . . . . . . . . . Authchips . | . . . . . . . . . Time . | . . . . . . . . . Total Part Build Rating . | . . . . . . . . . Parts Repaired . | . . . . . . . . . Time . | . . . . . . . . . Parts Recycled . | . . . . . . . . . Recycled Matter . | . . . . . . . . . Retrieved Matter . | . . . . . . . . . Retrieved Components . | . . . . . . . . . Parts Scanalyzed 2 | . . . . . . 1 1 . Part Schematics Acquired . | . . . . . . . . . Parts Damaged 2 | . . . . . . 1 1 . Bothacking | -11 -10 -9 -9 -9 -8 -8 -7 -7 ------------ Run | Yrd Mat Mat Min Exi Min Mat Fac Gar Used RIF Installer . | . . . . . . . . . Robots Hacked . | . . . . . . . . . Non-combat . | . . . . . . . . . Combat . | . . . . . . . . . Robot Hacks Applied . | . . . . . . . . . Relay Couplers Released . | . . . . . . . . . Fabnet Peak Effective % . | . . . . . . . . . Robots Rewired . | . . . . . . . . . Allies Hacked . | . . . . . . . . . Hacks Repelled . | . . . . . . . . . Allies | -11 -10 -9 -9 -9 -8 -8 -7 -7 -------- Run | Yrd Mat Mat Min Exi Min Mat Fac Gar Total Allies 1 | . . . 1 . . . . . Largest Group 1 | . . . 1 . . . . . Highest-Rated Group 31 | . . . 31 . . . . . Highest-Rated Ally 31 | . . . 31 . . . . . Total Orders . | . . . . . . . . . Ally Attacks 3 | . . . 3 . . . . . Total Damage 21 | . . . 21 . . . . . Kills 1 | . . . 1 . . . . . Allies Corrupted . | . . . . . . . . . Allies Melted . | . . . . . . . . . Intel | -11 -10 -9 -9 -9 -8 -8 -7 -7 ------- Run | Yrd Mat Mat Min Exi Min Mat Fac Gar Robot Analysis Total . | . . . . . . . . . Derelict Logs Recovered 1 | . . . 1 . . . . . Drone Launches . | . . . . . . . . . Drone Recoveries . | . . . . . . . . . Exploration | -11 -10 -9 -9 -9 -8 -8 -7 -7 ------------- Run | Yrd Mat Mat Min Exi Min Mat Fac Gar Turns Passed 3135 | 70 116 501 471 54 277 684 562 400 Spaces Moved 1632 | 38 66 328 263 29 149 305 306 148 Core 96 | 2 . 88 2 . . 3 . 1 Treads 894 | 36 66 185 . . . 161 306 140 Legs 562 | . . . 236 29 149 141 . 7 Wheels . | . . . . . . . . . Hover . | . . . . . . . . . Flight 80 | . . 55 25 . . . . . Fastest Speed 50 | 50 160 50 50 190 120 120 160 123 Average Speed 155 | 155 160 113 149 190 164 159 167 210 Slowest Speed 550 | 160 160 160 190 190 190 400 240 550 Overloaded Moves . | . . . . . . . . . Propulsion Burnouts . | . . . . . . . . . Robots Hopped 5 | . . 4 1 . . . . . Cave-ins Triggered . | . . . . . . . . . Exploration Rate (%) 23 | 4 18 29 52 8 44 25 7 23 Regions Visited 8 Branch Regions 3 Pre-discovered Areas . | . . . . . . . . . Known Exits Taken 2 | . . . . . . 1 1 . Unknown Exits Taken 6 | 1 1 1 1 1 1 . . . Scrap Searched 2 | . . . 1 . 1 . . . Spaces Dug . | . . . . . . . . . Terrain Destroyed 103 | . . . 1 . 26 62 . 14 Melee . | . . . . . . . . . Projectile 3 | . . . 1 . . 2 . . AOE 100 | . . . . . 26 60 . 14 Terrain Rammed . | . . . . . . . . . Walls Destroyed . | . . . . . . . . . Machines Disabled . | . . . . . . . . . Actions | -11 -10 -9 -9 -9 -8 -8 -7 -7 --------- Run | Yrd Mat Mat Min Exi Min Mat Fac Gar Total 1966 | 45 75 397 312 28 162 416 336 195 Wait 15 | . . . 12 . . 3 . . Move 1615 | 38 65 319 260 28 148 304 305 148 Hop 5 | . . 4 1 . . . . . Pick Up 26 | 1 2 3 4 . 3 7 5 1 Fast Attach 46 | 6 3 7 6 . 1 16 4 3 Attach 21 | . . 4 4 . . 6 2 5 Detach 24 | . 2 7 . . . 11 4 . Swap 8 | . . . 1 . 1 2 . 4 Drop 25 | . 2 4 4 . . 10 5 . Fire 135 | . 1 21 17 . 9 57 11 19 Melee 3 | . . . . . . . . 3 Ram 1 | . . 1 . . . . . . Kick 3 | . . . 3 . . . . . Crush 27 | . . 27 . . . . . . Escape Stasis 12 | . . . . . . . . 12 Rewire . | . . . . . . . . . Trap . | . . . . . . . . . Miscellaneous . | . . . . . . . . . Route ------- -11/Scrapyard -10/Materials -9/Materials -9/Mines -9/Exiles -8/Mines -8/Materials (discovered 2 exits: *Fac x2) -7/Factory -7/Garrison History --------- Turn | Location | Event 39 | -11/Scrapyard | Discovered new exit (range 14) 71 | -11/Scrapyard | Entered Materials 182 | -10/Materials | Discovered new exit (range 3) 187 | -10/Materials | Entered another Materials area 187 | -9/Materials | Evolved 2 slots: Utility x2 300 | -9/Materials | Build established: Mutant 569 | -9/Materials | Discovered new exit (range 8) 626 | -9/Materials | Lost 8 parts (1p2n4u1w) 688 | -9/Materials | Entered Mines 691 | -9/Mines | Received a Mining Laser from a helpful Derelict 765 | -9/Mines | Learned location of 1 exit from Materials 922 | -9/Mines | YI-UF0 nonchalantly dropped a Grenade Launcher on the ground 1011 | -9/Mines | A weapon hastily lodged in a ceiling crevice suddenly fell to the ground 1049 | -9/Mines | Deemed a non-threat by the Exiles lab entrance 1051 | -9/Mines | Discovered new exit (range 5) 1102 | -9/Mines | Found a damaged Exp. Sensor Array with a note attached 1106 | -9/Mines | Found Prototype Device 1106 | -9/Mines | Identified Exp. Sensor Array 1159 | -9/Mines | Entered Exiles 1186 | -9/Exiles | Discovered new exit (range 15) 1213 | -9/Exiles | Entered Mines 1405 | -8/Mines | Core integrity fell below 50% 1478 | -8/Mines | Discovered new exit (range 10) 1490 | -8/Mines | Entered Materials 1490 | -8/Materials | Evolved 2 slots: Propulsion x1, Utility x1 1491 | -8/Materials | Identified exit to Factory 1638 | -8/Materials | Lost 6 parts (2p1n2u1w) 1736 | -8/Materials | Build established: Scavenger-Mutant 2067 | -8/Materials | Discovered exit to Factory (range 16) 2174 | -8/Materials | Entered Factory 2174 | -7/Factory | Evolved 2 slots: Power x1, Utility x1 2721 | -7/Factory | Identified exit to Garrison 2736 | -7/Factory | Entered Garrison 2830 | -7/Garrison | Triggered checkpoint 3057 | -7/Garrison | Triggered checkpoint 3106 | -7/Garrison | Triggered checkpoint 3109 | -7/Garrison | Triggered checkpoint 3136 | -7/Garrison | Self-destructed Last Messages --------------- 03112_ Imp. Heat Sink destroyed. 03113_ Carbon-fiber Leg destroyed. 03115_ Slug penetrates Reinforced Barrier. 03115_ P-60 Hacker resets G-47 Trooper, system corruption cleaned. 03115_ Critical hit (Burn: +37). 03115_ Hrd. Medium Armor Plating destroyed. 03117_ Acquired 23 matter. 03118_ Imp. Heat Sink destroyed. 03119_ Carbon-fiber Leg destroyed. 03121_ Slug penetrates Reinforced Barrier. 03121_ Acquired Lgt. Nuclear Core. 03122_ Hvy. Particle Cannon destroyed. 03123_ G-47 Trooper destroyed. 03126_ Imp. Titanium Leg destroyed. 03126_ Hrd. Medium Armor Plating destroyed. 03129_ Imp. Heat Sink destroyed. 03129_ P-60 Hacker resets Y-54 Guardian, system corruption cleaned. 03133_ Lgt. Nuclear Core destroyed. Map ----- +----------------------------------------------------+ | ?????????????????????????????????????????????????? | | ?????????????????????????????????????????????????? | | ?????????????????????????????????????????????????? | | ?????????????????????????????????????????????????? | | ?????????????????????????????????????????????????? | | ?????????????????????????????????????????????????? | | ?????????????????????????????????????????????????? | | ?????????????????????????????????????????????????? | | ?????????????????????????????????????????????????? | | ?????????## ?????????????????????????????????????? | | ????????? ????????????????????????????????????? | | ?????????# =% ???????????????????????????????????? | | ????????## #"""?######????????????????????????? | | ????????? ? #####????????????????????? | | ??????????? ? ?????????????????????? | | ????????? ?? ? ??????????????????????? | | ?????????# ??# [ ## #???#???????????????????? | | ???????### ## !% #### #???????????????????? | | ???????# = + #???????????????????? | | ???????# % #??????????????????????? | | ???????# #??????????????????????? | | ???????# hh #??????????????????????? | | ???????### ## g ###??????????????????????? | | ?????????# ## # pYY##???????????????????????? | | ?????????# g ####????????????????????? | | ?????????# g @ #????????????????????? | | ?????????# g ### #????????????????????? | | ?????????# ## ##^ ^#???#????????????????????? | | ?????????# ??# ?# ^#????????????????????????? | | ?????????# ???#####?# #????????????????????????? | | ?????????#??????????#^ ^#????????????????????????? | | ????????????????????# #????????????????????????? | | ????????????????????# #?????????###????????????? | | ????????????????????# ###########T############## | | ????????????????????# | | ????????????????????# | | ????????????????????# | | ????????????????????#####################^ ### ### | | ????????????????????????????????????????# #?# #?? | | ????????????????????????????????????????# #?# #?? | | ??????????????????????????############### #?# #?? | | ??????????????????????????# #?# #?? | | ??????????????????????????# = == #?# #?? | | ??????????????????????????## #####%=[#####?# #?? | | ??????????????????????????#""""????#[%%#?????# #?? | | ??????????????????????????####?????#####?????# #?? | | ?????????????????????????????????????????????# #?? | | ?????????????????????????????????????????????# ##? | | ????????????????????????????????????????????## ## | | ????????????????????????????????????????????# # | +----------------------------------------------------+ Best States ------------- Heat Dissipation 76 Energy Generation 23 Energy Capacity 445 Matter Stores 300 Matter Capacity 300 Sight Range 16 Robot Scan Range 20 Terrain Scan Density 10 ECM Strength 1 Armor Coverage 450 Core Shielding 20 Evasion (%) 58 Recoil Reduction 3 Item Schematics ----------------- None Robot Schematics ------------------ None Fabricated ------------ Nothing Alien Tech Used ----------------- None Achievements -------------- None Challenges ------------ None Game ------ Seed ShieldSubdwellerChronowheel Manual? 0 Play Time 00:29:55 Cumulative 58.9 hours Start 2024.09.19 @ 22:39:28 End 2024.09.19 @ 23:14:24 Sessions 1 Manual Loads 0 Difficulty Rogue Special Mode None Game No. 126 Rogue 126 Adventurer 0 Explorer 0 Win Type - Total 0 Types 0/0/0/0/0/0/0/0/0 Lore% 17 Gallery% 36 Achievement% 28 Wizard Run 0 Options --------- Layout 1 ASCII 0 Keyboard 1 Movement Arrows Keybinds 0 Fullscreen 1 Font 24/Smallcaps Map View 50x35 Zoom Use 0% Tactical HUD 1 Map Filters NONE Filters NONE Steam 1 RUN: c7383ac3-ce23-4970-ba62-74e2fe8a12f9